[Event "2nd Serbia Open Masters 2022"]
[Site "Novi Sad"]
[Date "2022.07.01"]
[Round "4.18"]
[White "Kushagra Mohan"]
[Black "Arjun Kalyan"]
[Result "1-0"]
[ECO "B69"]
[WhiteElo "2343"]
[BlackElo "2477"]
[Annotator "TA"]
[PlyCount "111"]
[EventDate "2022.06.28"]
[EventType "swiss"]
[EventCountry "SRB"]
[SourceTitle "playchess.com"]
[Source "ChessBase"]
[SourceQuality "1"]
[TimeControl "40/5400+30:900+30"]

1. e4 c5 2. Nf3 d6 3. d4 cxd4 4. Nxd4 Nf6 5. Nc3 Nc6 6. Bg5 e6 7. Qd2 a6 8. O-O-O Bd7 9. f4 Be7 10. Nf3 b5 11. Bxf6 gxf6 12. f5 Qb6 13. Kb1 O-O-O 14. Ne2 {[%emt 0:00:23] B69: Sicilian: Richter-Rauzer: 7...a6 8 0-0-0 Bd7 9 f4 Be7 10 Nf3 b5 11 Bxf6.} (14. g3 $5 ) 14... Kb8 15. Nf4 {[%emt 0:00:17] [#]} h5 $146 (15... Bc8 $14) ({Predecessor:} 15... Bc8 16. fxe6 fxe6 17. c3 d5 18. exd5 e5 19. Nh5 Be6 20. Bd3 Bxd5 21. Qe2 b4 {½-½ (33) Huschenbeth,N (2549)-Demchenko,A (2672) Batumi 2018}) 16. fxe6 {[%emt 0:03:13] White is better.} fxe6 17. Ng6 Rh7 (17... Rhg8 $14 18. Nxe7 Nxe7) 18. Nxe7 $16 {[%emt 0:03:24] White is more active.} Nxe7 {[%emt 0:04:53] [#]} 19. Qxd6+ ({White should try} 19. Qf4 $1 $16) 19... Qxd6 $14 20. Rxd6 Kc7 21. Rd1 h4 22. Bd3 e5 23. Rdf1 Bc6 24. Rhg1 (24. Nd2 $5 ) 24... Rg8 25. Nd2 Rhg7 26. Rxf6 Rxg2 27. Rxg2 Rxg2 28. Nf3 Rf2 29. Kc1 {[%emt 0:09:12] Hoping for Kd1.} Be8 30. Re6 Kd7 {[%emt 0:00:18][%mdl 8192] [#] White stays focused until the end.} (30... Bd7 $14 31. Rxe7 Rxf3) 31. Rxa6 $1 $18 Rxf3 (31... Kd8 32. Nxe5) 32. Bxb5+ Kd8 33. Ra8+ {[%emt 0:00:13][%mdl 64] Skewer} Nc8 34. Bxe8 {[%emt 0:00:06][%mdl 4096] Endgame KRB-KRN} Rf1+ 35. Kd2 Rf2+ 36. Kd3 Rxh2 37. Bg6 {[%emt 0:01:00] aiming for Bf5.} Kc7 38. Bf5 {[%emt 0:01:45] Prevents Rh3+.} Ne7 (38... Nd6 39. Rh8 Rg2) 39. Ra7+ Kd8 40. Ra8+ Kc7 41. Rh8 Nc6 (41... Rf2 {was called for.} 42. Rxh4 Nc6) 42. a3 Nd4 43. b4 Rg2 44. a4 Rg3+ 45. Kc4 Nxc2 46. Rxh4 Na3+ 47. Kd5 Rb3 48. Rh7+ (48. Rh3 $142 Rxh3 49. Bxh3) 48... Kb8 49. Kc5 {[%emt 0:00:42] White mates.} Rc3+ 50. Kb6 Nc4+ 51. Ka6 Nd6 52. b5 Ra3 53. a5 Rd3 54. b6 Ne8 55. Rh8 Rd8 56. Bg6 {[%emt 0:00:20] Weighted Error Value: White=0.24 (precise) /Black=0.42} 1-0

[Event "2nd Serbia Open Masters 2022"]
[Site "Novi Sad"]
[Date "2022.07.01"]
[Round "4.19"]
[White "Makridis, Dimitrios"]
[Black "Parkhov, Yair"]
[Result "1/2-1/2"]
[ECO "B40"]
[WhiteElo "2082"]
[BlackElo "2460"]
[Annotator "TA"]
[PlyCount "179"]
[EventDate "2022.06.28"]
[EventType "swiss"]
[EventCountry "SRB"]
[SourceTitle "playchess.com"]
[Source "ChessBase"]
[SourceQuality "1"]
[TimeControl "40/5400+30:900+30"]

1. e4 c5 2. Nf3 e6 3. d3 Nc6 4. g3 g6 5. Bg5 Qb6 6. Nbd2 {[%emt 0:02:11] B40: Sicilian: 2...e6, Unusual lines.} Qxb2 7. Nc4 Qg7 8. Rb1 b6 9. Bg2 Ba6 10. O-O {[%emt 0:03:18] [#]} Bxc4 $146 ({Predecessor:} 10... f6 11. Bd2 Nh6 12. e5 Bxc4 13. exf6 Qxf6 14. dxc4 Bg7 15. Rb3 Nf5 16. Rd3 Qe7 17. Bg5 Qf7 18. Bf4 Rc8 19. Ng5 Qe7 20. Re1 h6 21. Ne4 {½-½ (21) Chadaev,N (2549)-Gajewski,G (2572) Kavala 2009}) 11. dxc4 Be7 12. Bc1 Rd8 13. e5 h5 14. Bb2 h4 15. Nd2 hxg3 16. hxg3 g5 17. Re1 Nh6 18. Ne4 Nf5 19. Nf6+ Bxf6 20. exf6 Qg6 21. Qd3 g4 (21... Qh7 $6 22. Rbd1 Na5 23. Kf1 $11) (21... Ncd4 $1 $17 22. Bxd4 Nxd4 23. Qxg6 fxg6) 22. Rbd1 $1 $15 {[%emt 0:03:37] Black must now prevent Bxc6.} Ncd4 23. c3 Nf3+ 24. Bxf3 gxf3 25. Qxf3 Qg5 (25... Qxf6 26. g4 $16) (25... Rh3 $15 {keeps the upper hand.} 26. Qg2 Rh8) 26. Bc1 $1 $16 Nh4 (26... Qxf6 27. g4 $16) 27. Qe4 (27. Bxg5 $2 Nxf3+ 28. Kg2 Nxg5 $19) 27... Qg6 28. Qxg6 {[%emt 0:01:58] 0x0.001b6a529635dp-1022s more active pieces.} (28. Bf4 $16) 28... Nxg6 (28... Nf3+ {with more complications.} 29. Kf1 fxg6 30. Re4 Rh1+) 29. Rd6 Rg8 30. Re4 Rc8 31. a4 ({Better is} 31. Re1 $11) 31... Kd8 $15 32. Rd3 (32. Re1 $11 {keeps the balance.}) 32... Kc7 33. Bf4+ (33. Bh6 $15) 33... Nxf4 $17 34. Rxf4 {[%emt 0:00:01][%mdl 4096] Endgame KRR-KRR} Rg6 35. Rdf3 Rh8 36. Kf1 d6 37. Ke2 Kd7 38. Ke3 (38. Rh4 $142 Rgh6 39. Rxh6 Rxh6 40. Ke3) 38... e5 $19 39. Rh4 Rhg8 (39... Rxh4 $19 40. gxh4 Rg4) 40. Rh7 Ke6 41. Kd3 Rg4 {[%emt 0:03:29] aiming for ...e4+.} (41... Rxf6 $6 42. Rxf6+ Kxf6 43. Rh6+ Rg6 44. Rh8 $15) 42. Re3 {[%emt 0:00:24] Inhibits e4+.} R8g6 (42... Kxf6 43. Rf3+ Ke6 44. Rfxf7 $16) 43. Rh8 ({White should try} 43. Re4) 43... Rxf6 $17 ({Stronger than} 43... Kxf6 44. Re8 $15) 44. f4 Rfg6 45. fxe5 dxe5 46. Re8+ Kf6 47. R3xe5 Rxg3+ 48. Kc2 Rf3 49. Re3 (49. Re1 $17 {was necessary.}) 49... Rg2+ (49... Rxe3 $19 50. Rxe3 Rg4) 50. Kd3 (50. Re2 $17 Rgg3 51. Kb2) 50... Rff2 (50... Rxe3+ $1 $19 51. Rxe3 Ra2 52. Rf3+ Kg7 53. Rg3+ Kf8) 51. Ke4 Rd2 (51... Ra2 $142 $1 52. Rf3+ Kg7) 52. Rf3+ Kg7 53. Ra8 (53. a5 $142) 53... Rd7 54. a5 bxa5 55. Rc8 a4 56. Rxc5 a3 (56... Re2+ $17 57. Kf4 a3) 57. Ra5 $11 a2 58. Rf1 {[%emt 0:00:16] Prevents Rd1.} Rg4+ 59. Rf4 $1 Rg2 {[%emt 0:00:29] Hoping for ...Rd1.} 60. Rf1 {[%emt 0:00:25] Inhibits Rd1.} Re2+ 61. Kf5 Rc2 62. Rg1+ Kf8 63. Rc5 $2 (63. Ra3 $15) 63... Rf2+ $1 $19 64. Ke4 Re7+ 65. Kd3 f5 (65... Rb2 $142 {Strongly threatening ...Rb1.} 66. Rb5 Ree2) 66. Ra5 {[%emt 0:00:27] [#]} f4 $1 {[%emt 0:00:19] Threatens to win with ...Re3+.} 67. c5 {[%emt 0:00:26] [#]} Re3+ $2 (67... Rd7+ $1 $19 68. Kc4 f3) 68. Kc4 $11 {[%emt 0:00:18] The position is equal.} Rc2 69. Ra1 $1 Rexc3+ 70. Kd4 Rc4+ 71. Kd3 $1 R2c3+ 72. Kd2 Rc2+ 73. Kd3 R2c3+ 74. Kd2 Kf7 ({Much weaker is} 74... Rc2+ 75. Kd3 $17) 75. R1xa2 Kf6 76. R2a4 Kf5 77. Rxc4 Rxc4 {[%emt 0:00:01] KR-KR} 78. Kd3 Rc1 79. Kd2 Rc4 80. Kd3 Rc1 81. Kd2 f3 82. Rxa7 (82. Kxc1 $2 {loses.} f2 83. c6+ Ke6 $19) 82... Rxc5 {[%emt 0:00:17] ...Re5 is the strong threat.} 83. Ke3 Rc3+ 84. Kf2 Rb3 85. Rf7+ Ke4 86. Re7+ Kd4 87. Rf7 Ke4 88. Re7+ Kd4 89. Rf7 Rb1 90. Rxf3 {[%emt 0:00:06] Black had all chances to win.  Weighted Error Value: White=0.18 (very precise) /Black=0.22 (precise)} 1/2-1/2

[Event "2nd Serbia Open Masters 2022"]
[Site "Novi Sad"]
[Date "2022.07.01"]
[Round "4.20"]
[White "Pranav Anand"]
[Black "Fataliyeva, Ulviyya"]
[Result "1/2-1/2"]
[ECO "D12"]
[WhiteElo "2479"]
[BlackElo "2348"]
[Annotator "TA"]
[PlyCount "147"]
[EventDate "2022.06.28"]
[EventType "swiss"]
[EventCountry "SRB"]
[SourceTitle "playchess.com"]
[Source "ChessBase"]
[SourceQuality "1"]
[TimeControl "40/5400+30:900+30"]

1. d4 d5 2. c4 c6 3. Nf3 Nf6 4. e3 Bf5 5. Nc3 e6 6. Nh4 Be4 7. f3 Bg6 8. Qb3 Qc7 9. Bd2 {[%emt 0:00:06] D12: Slav Defence: 3 Nf3 Nf6 4 e3 Bf5.} Be7 10. Nxg6 hxg6 11. O-O-O {[%emt 0:00:04] White has an edge.} dxc4 12. Qxc4 a6 13. Kb1 b5 {[%emt 0:00:42] [#]} 14. Qb3 $146 ({Predecessor:} 14. Qe2 Nbd7 15. g4 Nb6 16. Qg2 c5 17. dxc5 Bxc5 18. Rc1 Qa7 19. e4 Rc8 20. h4 {½-½ (135) Cheparinov,I (2672)-Durarbayli,V (2628) Terme Catez 2022}) 14... c5 15. dxc5 Nbd7 16. Qc2 Nxc5 17. g4 Rc8 (17... Rxh2 18. Rxh2 Qxh2 19. g5 $11) 18. Rc1 (18. g5 $15 Nfd7 19. h4) 18... Qb8 (18... Rxh2 $6 19. Rxh2 Qxh2 20. Ne2 $11) (18... O-O $17 19. g5 Nfd7) 19. h4 (19. g5 $11 Nfd7 20. h4 (20. Ne4 O-O $15)) 19... Nfd7 ({Black should try} 19... O-O $17 {White must now prevent ...b4.} 20. h5 g5) 20. Ne4 {[%emt 0:02:26] b4 is the strong threat.} Nb6 (20... O-O $15) 21. Nxc5 Rxc5 22. Qe4 Rxc1+ 23. Bxc1 Rxh4 24. Qc6+ Kf8 25. Rxh4 Bxh4 26. f4 Be7 27. g5 Bd6 28. Qh1 Kg8 {[%emt 0:02:02] Prevents Qh8+.} 29. Bg2 (29. Qc6 $11 {remains equal.}) 29... Qc7 (29... Bc5 $17 {Strongly threatening ...Nc4.} 30. Bf1 Nd5) 30. Bb7 $11 a5 31. Bc6 b4 32. Qe4 Bc5 33. b3 Qd6 34. Kc2 Kf8 35. Bb7 Nd5 36. Bxd5 exd5 $15 {[%emt 0:01:30][%mdl 4096] Endgame KQB-KQB} 37. Qd3 Qc6 38. Kd1 Qe6 39. Qb5 Bb6 $36 {[%emt 0:00:10][%mdl 2048] Keeping White busy.} (39... Bxe3 $6 40. Qb8+ Ke7 41. Qc7+ (41. Qb7+ Ke8 $11) 41... Ke8 42. Qb8+ Ke7 43. Qc7+ (43. Qb7+ Kf8 $11) 43... Ke8 44. Qb8+ Ke7 $11) 40. Qa6 Kg8 (40... f6 $1 $17 41. Qa8+ Ke7 42. Qb7+ Ke8 43. gxf6 gxf6) 41. Bd2 (41. Qb7 $15) 41... Kh7 (41... Qc6 $1 $17 42. Bc1 Kh7) 42. Kc1 $2 (42. Qb7 $1 $15) 42... Bxe3 $19 43. Qxa5 (43. Qf1 $19 Kg8 44. Qf3 Qc6+ 45. Kd1) 43... Qc6+ 44. Kd1 Bxd2 (44... d4 $142 45. Bxe3 Qf3+ 46. Kc2 dxe3 47. Qxb4 Qf2+ 48. Kc3 e2 49. Qe7 e1=Q+ 50. Qxe1 Qxe1+ 51. Kd3 Qg3+ 52. Ke4 Qg2+ 53. Kd3 Qg3+ 54. Ke4 Qg2+ 55. Kd3 Qg3+) 45. Kxd2 {[%emt 0:00:01] KQ-KQ} Qc3+ 46. Ke2 Qc2+ 47. Ke1 Qe4+ 48. Kd1 Qf3+ 49. Ke1 Qe3+ (49... Qxf4 50. Qxd5 Qh4+ 51. Kd2 $17) 50. Kd1 Qe4 (50... Qxf4 51. Qxd5 Qf1+ 52. Kd2 $19) 51. Qa8 $2 (51. Qc5 {was forced.}) 51... Qh1+ 52. Kd2 Qh2+ 53. Kd1 Qh1+ 54. Kd2 $1 Qg2+ 55. Ke1 Qe4+ 56. Kd1 Qd4+ (56... Qxf4 57. Qxd5 Qf1+ 58. Kd2 $19) 57. Ke1 (57. Ke2 $142) 57... f6 58. Qa5 $2 (58. gxf6 gxf6 59. Ke2) 58... Qc3+ 59. Ke2 d4 {[%emt 0:00:07] ( -> ...d3+)} 60. Qd5 Qc2+ 61. Ke1 Qc1+ (61... Qxa2 62. Qh1+ Kg8 63. Qd5+ Kh8 64. Qh1+ Kg8 65. Qd5+ Kh8 66. Qh1+ Kg8 $11) 62. Ke2 Qe3+ ({Weaker is} 62... Qxf4 63. Qh1+ Kg8 64. Qd5+ Kh8 65. Qh1+ Kg8 66. Qd5+ Kh8 67. Qh1+ Kg8 $11) 63. Kd1 {[%emt 0:00:03] [#]} Qg1+ $1 ({Inferior is} 63... Qxf4 64. Qh1+ Kg8 65. Qd5+ Kh8 66. Qh1+ Kg8 67. Qd5+ Kh8 68. Qh1+ Kg8 $11) 64. Ke2 {[%emt 0:01:02] [#]} fxg5 $2 ({And not} 64... Qe3+ 65. Kd1 $17) ({Better is} 64... f5 $1 $19 {aiming for ...Qe3+.} 65. Kd3 Qf1+ 66. Kxd4 Qxf4+ 67. Kc5 Qxg5 68. Kxb4 Qf4+ 69. Kc3 g5 70. Qh1+ Kg6 71. Qc6+ Kh7 72. Qh1+ Kg6 73. Qc6+ Kh5 74. Qh1+ Kg4 75. Qg2+ Kh4 76. Qh1+ Kg4 77. Qg2+ Qg3+ 78. Qxg3+ Kxg3) 65. fxg5 $11 {[%emt 0:00:19] The position is equal.} Qe3+ 66. Kd1 Qd3+ 67. Ke1 Qb1+ 68. Kd2 Qb2+ 69. Kd1 Qa1+ 70. Ke2 Qg1 71. Kd3 Qe3+ 72. Kc4 Qc3+ 73. Kb5 d3 74. Qh1+ {[%emt 0:00:00] And White is the lucky defender.  Weighted Error Value: White=0.49/Black=0.41} 1/2-1/2

[Event "2nd Serbia Open Masters 2022"]
[Site "Novi Sad"]
[Date "2022.07.01"]
[Round "4.21"]
[White "Ram Aravind L N"]
[Black "Arnaudov, G. Petar"]
[Result "0-1"]
[ECO "C64"]
[WhiteElo "2116"]
[BlackElo "2467"]
[Annotator "TA"]
[PlyCount "120"]
[EventDate "2022.06.28"]
[EventType "swiss"]
[EventCountry "SRB"]
[SourceTitle "playchess.com"]
[Source "ChessBase"]
[SourceQuality "1"]
[TimeControl "40/5400+30:900+30"]

1. e4 e5 2. Nf3 Nc6 3. Bb5 a6 4. Ba4 Bc5 5. O-O Nge7 6. c3 Ba7 {[%emt 0:01:55] C64: Ruy Lopez: Classical Defence (3...Bc5) except 4 0-0 Nf6.} 7. d4 Ng6 8. d5 Nce7 {[%emt 0:01:39] White is slightly better.} 9. d6 cxd6 {[%emt 0:00:06] [#]} 10. h4 $146 ({Predecessor:} 10. Qxd6 Bb8 11. Qd3 O-O 12. c4 b5 13. cxb5 d5 14. exd5 Bf5 15. Qb3 e4 16. Nd4 {1-0 (25) Dervishi,E (2511)-Lodici,L (2545) Montesilvano 2022}) 10... h6 11. h5 Nf8 12. Nh4 Nh7 13. Qg4 Kf8 14. c4 d5 15. cxd5 d6 16. Qf3 Ng5 17. Qe2 (17. Bxg5 hxg5 18. Ng6+ Nxg6 19. hxg6 f6 $19) (17. Qd3 $142) 17... Ng8 $17 18. Kh1 {[%emt 0:00:00] [#]} (18. Nf5 $17) 18... Nf6 $1 $19 19. Nc3 Bg4 20. f3 {[%emt 0:00:00] [#]} Nxh5 $1 21. Kh2 {[%emt 0:00:00] [#] Against Ng3} (21. Ng6+ $2 Kg8 22. Qe1 Nxf3 23. Rxf3 (23. gxf3 $2 Bh3 $19) 23... fxg6 $19) (21. Qe1 Bc8) 21... Bc8 (21... Nxe4 22. Ng6+ Kg8 23. Qxe4 $16 (23. fxg4 $2 Nhg3 $19)) 22. g3 Nf6 (22... b5 $19 23. Bb3 g6) 23. Be3 Bxe3 24. Qxe3 g6 25. Bd1 Kg7 26. Na4 $2 {[%emt 0:00:00] Loses the game.} (26. Be2 $17) 26... b5 (26... Qd7 27. g4 Qd8 28. Nb6 $17) 27. Nc3 b4 (27... Qd7 $2 28. Kg1 $17) 28. Na4 Bd7 29. Nb6 Rb8 30. Nxd7 Qxd7 31. g4 Qd8 32. Kg3 (32. Rh1 {was called for.}) 32... Nd7 {[%emt 0:01:39] Pair of Knights!} 33. Rc1 Nc5 34. Bc2 Qe7 {[%emt 0:01:06] aiming for ...h5.} 35. Rf2 $2 (35. Rh1 {might work better.}) 35... h5 36. gxh5 Rxh5 {[%emt 0:00:09][%cal Og5h3] Hoping for ...Nh3!} 37. Rh1 {[%emt 0:00:23] Prevents Nh3.} Rbh8 38. Rfh2 Qf6 39. Bd1 ({Don't blunder} 39. Nf5+ $2 gxf5 40. exf5 Rxh2 41. Rxh2 Rxh2 42. Kxh2 Qh6+ 43. Kg2 Qh3+ 44. Kf2 Qh2+ 45. Kf1 f6 $19) 39... a5 {[%emt 0:01:54][%cal Oc5e6,Ba6a5,Ba5a4][%mdl 32] White must now prevent ...Nce6!} 40. Be2 ({Not} 40. Nf5+ $2 gxf5 41. exf5 Rxh2 42. Rxh2 Rxh2 43. Kxh2 Qxf5 $19) (40. Ng2 $142 Rxh2 41. Rxh2) 40... a4 {[%emt 0:00:00] Threatens to win with ...Kf8.} 41. Ng2 (41. Nf5+ $2 gxf5 42. exf5 Rxh2 43. Rxh2 Rxh2 44. Kxh2 Qxf5 $19) 41... Rxh2 {[%emt 0:03:19] Dancing on a razor blade.} 42. Rxh2 Rxh2 43. Kxh2 Qd8 44. Qd2 $2 (44. Kg1) 44... Qh8+ 45. Kg1 Qh6 46. Qe3 ({But not} 46. Qxb4 Nh3+ 47. Kf1 Qg5) 46... Nh3+ 47. Kf1 Nf4 48. Nxf4 Qxf4 49. Qxf4 exf4 {[%emt 0:00:06][%mdl 4096] Endgame KB-KN} 50. a3 bxa3 51. bxa3 Kf6 52. Bb5 Ke5 {[%emt 0:01:45] And now ...f6 would win.} 53. Be8 f5 54. Bxg6 (54. exf5 $19 gxf5 55. Ke2) 54... fxe4 55. fxe4 Nxe4 (55... f3 $142 56. Be8 Kxe4 57. Bb5 Kf4 58. Kg1 Ne4 59. Bxa4 Kg3 60. Kf1 Nd2+ 61. Ke1 Nc4 62. Be8 f2+ 63. Ke2 Kg2 64. Kd3 f1=Q+ 65. Kc3 Ne3 66. Kb4 Nxd5+ 67. Ka5 Qd3 68. Ka4 Qc4+ 69. Ka5 Qb3 70. Bc6 Qxa3+ 71. Ba4 Qb4+ 72. Ka6 Qb6#) 56. Be8 Nc3 {[%emt 0:00:15] ( -> ...f3)} 57. Bc6 f3 {[%emt 0:00:27] Black mates.} 58. Kf2 Kf4 59. Be8 Ne4+ 60. Kf1 Ke5 {[%emt 0:15:51] Weighted Error Value: White=0.70/Black=0.23 (precise)} (60... Kg3 $142 61. Bxa4 f2 62. Bc2 Nd2+ 63. Ke2 f1=Q+ 64. Kxd2 Qf3 65. a4 Qxd5+ 66. Kc3 Qc5+ 67. Kb3 d5 68. Bh7 Qc4+ 69. Kb2 Qxa4 70. Kc3 Qc4+ 71. Kb2 Kf3 72. Bg8 Ke2 73. Bxd5 Qxd5 74. Kc2 Qc4+ 75. Kb1 Kd2 76. Ka1 Kc3 77. Kb1 Qb3+ 78. Kc1 Qc2#) 0-1

[Event "2nd Serbia Open Masters 2022"]
[Site "Novi Sad"]
[Date "2022.07.01"]
[Round "4.22"]
[White "Milikow, Yoav"]
[Black "Eren, Ataberk"]
[Result "1/2-1/2"]
[ECO "D32"]
[WhiteElo "2410"]
[BlackElo "2273"]
[Annotator "TA"]
[PlyCount "81"]
[EventDate "2022.06.28"]
[EventType "swiss"]
[EventCountry "SRB"]
[SourceTitle "playchess.com"]
[Source "ChessBase"]
[SourceQuality "1"]
[TimeControl "40/5400+30:900+30"]

1. c4 e6 2. Nc3 d5 3. d4 c5 4. cxd5 exd5 5. Nf3 Nc6 6. dxc5 d4 7. Na4 Bxc5 {[%emt 0:00:09][%mdl 64] Decoy. D32: Tarrasch Defence: Sidelines and lines without g3.} 8. Nxc5 {[%emt 0:00:07] Nb3 is the strong threat.} Qa5+ 9. Qd2 Qxc5 {[%emt 0:00:06] White is slightly better.} 10. e3 $1 {[%emt 0:00:04][%mdl 4] is recently more successful than 10.a3.} dxe3 11. Qxe3+ Qxe3+ 12. Bxe3 Nge7 13. Bc4 O-O 14. O-O Bg4 15. Ng5 {[%emt 0:13:28] [#]} Bh5 $146 ({Predecessor:} 15... Bf5 16. f3 h6 17. Ne4 Rfd8 18. Rad1 Ne5 19. Bb3 Bxe4 20. fxe4 Rxd1 21. Rxd1 N7c6 {1-0 (39) Del Rio de Angelis,S (2491)-Ehrke,M (2222) Tegernsee 2019}) 16. Rac1 Rfd8 {[%emt 0:01:02] [#]} (16... Nf5 $11) 17. f3 {[%emt 0:01:25] White is more active.} (17. g4 $1 $16 Bg6 18. f4) 17... Nd5 18. Bf2 Bg6 19. Rfd1 Nf4 20. Be3 Nd3 {[%emt 0:13:43] [#]} 21. Nxf7 $1 Bxf7 22. Bxd3 {[%emt 0:01:04] This bishop pair is nice.} Bxa2 23. Be4 Bb3 24. Rxd8+ Rxd8 25. Bxc6 bxc6 26. Rxc6 $16 {[%emt 0:00:12][%mdl 4096] Endgame KRB-KRB} a5 27. Rc7 a4 28. Kf2 h6 29. Ke2 Kh7 30. Bd2 Rf8 31. Bc3 Rf7 32. Rc5 g5 33. Rc8 h5 34. Rh8+ Kg6 35. Bd2 (35. Rg8+ $14 Kf5 36. Ra8) 35... Re7+ $11 {[%emt 0:00:47] The position is equal.} 36. Be3 Bc4+ 37. Kf2 Rb7 38. Bc1 Re7 {[%emt 0:00:53] And now ...Re2+ would win.} 39. Be3 Rb7 40. Bd4 Re7 41. Be3 {[%emt 0:00:26] Weighted Error Value: White=0.09 (flawless) /Black=0.09 (flawless)} 1/2-1/2

[Event "2nd Serbia Open Masters 2022"]
[Site "Novi Sad"]
[Date "2022.07.01"]
[Round "4.23"]
[White "Sarana, Alexey"]
[Black "Chitlange Sakshi"]
[Result "1-0"]
[ECO "A28"]
[WhiteElo "2675"]
[BlackElo "2216"]
[Annotator "TA"]
[PlyCount "59"]
[EventDate "2022.06.28"]
[EventType "swiss"]
[EventCountry "SRB"]
[SourceTitle "playchess.com"]
[Source "ChessBase"]
[SourceQuality "1"]
[TimeControl "40/5400+30:900+30"]

1. c4 Nf6 2. Nc3 e5 3. e3 Be7 4. Nf3 Nc6 5. a3 d5 6. cxd5 Nxd5 7. Qc2 Be6 {[%emt 0:09:31] A28: English Opening: Four Knights Variation.} 8. Bb5 f6 9. d4 O-O {[%emt 0:10:42] White is slightly better.} 10. O-O exd4 11. Bxc6 {[%emt 0:01:13] [#]} dxc3 $146 ({Predecessor:} 11... bxc6 12. Nxd4 Bf7 13. Nxc6 Qd7 14. Nxe7+ Qxe7 15. Bd2 Nxc3 16. Bxc3 c5 17. e4 Rfd8 {1-0 (28) Zhigalko,A (2517)-Skatchkov,V (2283) Kazan 2021}) 12. Bxb7 {[%emt 0:00:13] aiming for Rd1.} Rb8 13. Ba6 cxb2 14. Bxb2 c5 {[%emt 0:03:01] Inhibits Nd4.} 15. Bd3 f5 (15... g6 $11 {remains equal.}) 16. Be5 $16 Rb6 17. Rfd1 {[%emt 0:01:38] Threatens to win with Bc4.} Qc8 18. Bc4 Nc7 19. Bxc7 Qxc7 {[%emt 0:00:04] [#]} 20. Nd4 $1 Bxc4 (20... Bf7 21. Nxf5) 21. Qxc4+ Rf7 22. Nxf5 $1 Bf8 23. Rd5 (23. Nh4 $18) 23... Qb7 24. Rad1 Rb1 (24... Qa6 $142 25. Qc1 g6) 25. Rd8 Rxd1+ 26. Rxd1 Qb2 27. Rf1 {[%emt 0:07:58] Active counter play!} Qxa3 {[%emt 0:01:33] [#]} 28. Rb1 $1 {[%emt 0:00:06] Prevents Qb4. Hoping for Nh4.} Qa5 29. e4 {[%emt 0:01:16][%cal Be3e4,Be4e5][%mdl 32] e5 is the strong threat.} Qd2 $2 (29... g6 $16) 30. e5 {[%emt 0:02:10] Weighted Error Value: White=0.07 (flawless) /Black=0.28 (precise)} 1-0

[Event "2nd Serbia Open Masters 2022"]
[Site "Novi Sad"]
[Date "2022.07.01"]
[Round "4.24"]
[White "Moksh Amit Doshi"]
[Black "Demchenko, Anton"]
[Result "0-1"]
[ECO "E92"]
[WhiteElo "2398"]
[BlackElo "2654"]
[Annotator "TA"]
[PlyCount "102"]
[EventDate "2022.06.28"]
[EventType "swiss"]
[EventCountry "SRB"]
[SourceTitle "playchess.com"]
[Source "ChessBase"]
[SourceQuality "1"]
[TimeControl "40/5400+30:900+30"]

1. d4 Nf6 2. c4 g6 3. Nc3 Bg7 4. e4 d6 5. Nf3 O-O 6. Be2 e5 7. dxe5 dxe5 8. Qxd8 Rxd8 9. Bg5 Nbd7 10. O-O-O Rf8 11. Nd5 c6 12. Ne7+ Kh8 13. Be3 Re8 {[%emt 0:00:51] E92: King's Indian: Classical: 6 Be2 e5: 7 dxe5, 7 Be3 and Petrosian System without 7...Nbd7.} 14. Nxc8 Rexc8 15. g4 Rc7 {[%emt 0:00:13] White is slightly better.} 16. Nd2 $1 Bf8 17. g5 Ne8 {[%emt 0:00:06][%cal Bf6e8,Be8d6,Bd6e4,Be4g5,Bg5e6][%mdl 32] [#]} 18. Nb3 $146 ({Predecessor:} 18. Bg4 Bc5 19. Bxd7 Bxe3 20. fxe3 Rxd7 21. Nf3 Re7 22. Rd3 Nc7 23. Rhd1 Kg7 24. Rd7 {½-½ (53) Van Zyl Rudd,J (2041)-Frolov,A (2389) Budapest 2017}) 18... a5 19. Bg4 a4 $1 20. Bxd7 ({But not} 20. Rxd7 Rxd7 21. Bxd7 axb3 $17) 20... axb3 21. axb3 {[%emt 0:00:13] Strongly threatening Bxe8.} Nd6 22. Bg4 Nxe4 23. Bb6 {[%emt 0:00:50] And now f3 would win.} Re7 24. Rhe1 Nxg5 25. Bd8 f5 26. Be2 {[%emt 0:08:16] [#]} Ne6 $1 27. Bxe7 Bxe7 28. Bd3 Ra5 {[%emt 0:07:30][%mdl 1024] Black has strong compensation.} 29. Kb1 Bb4 30. Rf1 b6 31. Bc2 Ra7 $1 {[%emt 0:00:10] Against Rd7} 32. Rd3 {[%emt 0:02:11] [#] Loses the game.} (32. f3 $1 $15) 32... e4 $1 $19 33. Rdd1 Kg7 34. h4 Kf6 35. Rh1 Re7 36. Rh3 (36. Rdg1 {keeps fighting.}) 36... Ke5 37. Rf1 Nd4 38. Bd1 Kf4 39. Rg1 Rd7 {[%emt 0:01:14] White must now prevent ...Nf3. Active counter play!} 40. Rhg3 (40. Kc1 {was worth a try.}) 40... Be7 41. Rh1 c5 42. Bc2 (42. Kc1 $142) 42... Bf6 43. Rgh3 Nf3 44. Kc1 Bd4 45. Rf1 Ra7 {[%emt 0:00:17] aiming for ...Ra1+.} 46. Bb1 Be5 47. Rhh1 Bf6 {[%emt 0:00:13] Black is clearly winning.} 48. h5 (48. Kd1 $142) 48... g5 49. Rd1 Bd4 50. Rhf1 h6 51. Kc2 g4 {[%emt 0:00:31] Weighted Error Value: White=0.30/Black=0.06 (flawless)} 0-1

[Event "2nd Serbia Open Masters 2022"]
[Site "Novi Sad"]
[Date "2022.07.01"]
[Round "4.25"]
[White "Piorun, Kacper"]
[Black "Drnovsek, Gal"]
[Result "1-0"]
[ECO "E49"]
[WhiteElo "2635"]
[BlackElo "2398"]
[Annotator "TA"]
[PlyCount "63"]
[EventDate "2022.06.28"]
[EventType "swiss"]
[EventCountry "SRB"]
[SourceTitle "playchess.com"]
[Source "ChessBase"]
[SourceQuality "1"]
[TimeControl "40/5400+30:900+30"]

1. d4 Nf6 2. c4 e6 3. Nc3 Bb4 4. e3 O-O 5. Bd3 c5 6. Nge2 d5 7. cxd5 exd5 8. a3 Bxc3+ 9. bxc3 b6 10. O-O Ba6 11. f3 Re8 12. Ng3 Bxd3 13. Qxd3 Nc6 14. Ra2 (14. Bb2 $14) 14... Qd7 {[%emt 0:09:10] E49: Nimzo-Indian: Rubinstein: 5 Bd3 d5 6 a3 Bxc3+ 7 bxc3.} 15. Re2 Rad8 16. Bb2 a5 {[%emt 0:14:00] [#] The position is equal.} 17. a4 $146 ({Predecessor:} 17. Rd1 c4 18. Qb1 b5 19. e4 dxe4 20. fxe4 b4 21. axb4 axb4 22. Rf2 Ng4 23. Rf3 {½-½ (70) Aditya,M (2438)-Rios Parra,M (2267) Chess.com INT 2021}) 17... cxd4 18. cxd4 Nb4 19. Qb1 Qxa4 20. e4 $1 Qb3 21. e5 Qc4 (21... g6 $11 {keeps the balance.}) 22. Rd2 $16 {[%emt 0:05:11][%mdl 1024] White has strong compensation.} Nd7 23. f4 Nf8 24. Qd1 Re6 $2 {[%emt 0:08:45] [#] This costs Black the game.} (24... Rc8 $16 {might work better.}) 25. f5 $18 Rh6 26. Qf3 Qc7 27. Qg4 Qd7 28. Nh5 Rxh5 29. Qxh5 {[%emt 0:00:02] [#] Strongly threatening f6.} Rc8 (29... Qe8 {was called for.} 30. Rf3 Kh8) 30. f6 {[%emt 0:01:11] White is clearly winning.} g6 31. Qh6 Ne6 {[%emt 0:00:08] Against Qg7+} 32. Rf3 {[%emt 0:00:11] Weighted Error Value: White=0.11 (very precise) /Black=0.59} 1-0